 Dungeon Crawl Stone Soup version 0.31-a0-217-g58bb5d79cf (webtiles) character file.

Game seed: 14674133425003178038

131 qw the Shooter (level 4, 0/36 HPs)
             Began as a Minotaur Hexslinger on July 2, 2023.
             Slain by Pikel
             ... wielding a +0 whip of freezing
              (1 damage)
             ... on level 4 of the Dungeon.
             The game lasted 00:01:07 (3036 turns).

qw the Shooter (Minotaur Hexslinger)                Turns: 3036, Time: 00:01:08

Health: 0/36       AC:  6    Str: 12    XL:     4   Next: 91%
Magic:  4/4        EV: 11    Int: 10    God:
Gold:   195        SH:  0    Dex: 15    Spells: 4/5 levels left

rFire   . . .        Y - +1 sling
rCold   . . .        (no shield)
rNeg    . . .        h - +0 ring mail
rPois   .            (helmet restricted)
rElec   .            (no cloak)
rCorr   .            (no gloves)
SInv    .            g - +0 pair of boots
Will    .....        (no amulet)
Stlth   +            (no ring)
HPRegen 0.26/turn    (no ring)
MPRegen 0.09/turn

%: no passive effects
@: no status effects
A: horns 2, retaliatory headbutt
a: no special abilities


You were on level 4 of the Dungeon.
You visited 1 branch of the dungeon, and saw 4 of its levels.

You collected 195 gold pieces.


Innate Abilities, Weirdness & Mutations

You have a pair of horns on your head.
You reflexively headbutt those who attack you in melee.


   Skills:
 + Level 2.0 Fighting
 - Level 5.2 Ranged Weapons
 - Level 1.4 Armour
 - Level 2.1 Dodging
 - Level 1.0 Spellcasting
 - Level 2.0 Hexes


You had 4 spell levels left.
You knew the following spells:

 Your Spells              Type           Power      Damage    Failure   Level
a - Slow                  Hex            16%        N/A       32%         1

Your spell library contained the following spells:

 Spells                   Type           Power      Damage    Failure   Level
 Inner Flame              Hex/Fire       2%         N/A       83%         3
 Portal Projectile        Hex/Tloc       4%         N/A       83%         3
 Cause Fear               Hex            2%         N/A       97%         4

Inventory:

Hand Weapons
 Y - a +1 sling (weapon)
Armour
 g - a +0 pair of boots (worn)
 h - a +0 ring mail (worn)
Scrolls
 a - 7 scrolls of identify
Potions
 b - a potion of might
 c - a potion of magic {unknown}
 e - a potion of enlightenment
 i - a potion of curing

Dungeon Overview and Level Annotations

Branches:
Dungeon (4/15)
 Temple: D:4-7

Altars:
Qazlal

Annotations:
D:3 1 runed translucent door, Crazy Yiuf
D:4 Pikel


Message History

The lemure barely misses you. You furiously retaliate!
You headbutt the lemure. Pikel closely misses you. The lemure hits you.
You shoot a sling bullet. The sling bullet hits the lemure.
The lemure is severely wounded.
The lemure hits you but does no damage.
Pikel hits you with a +0 whip of freezing.
Pikel freezes you. The lemure hits you but does no damage.
3031 ||| DRINKING potion of heal wounds.
You feel much better. The lemure hits you.
Pikel hits you with a +0 whip of freezing.
Pikel freezes you. The lemure hits you.
You shoot a sling bullet.
The sling bullet closely misses the lemure.
The lemure hits you.
Pikel hits you with a +0 whip of freezing.
Pikel freezes you. The lemure closely misses you. Pikel misses you.
You furiously retaliate!
You headbutt Pikel. The lemure closely misses you. x2
You furiously retaliate!
You headbutt the lemure! You shoot a sling bullet.
The sling bullet barely misses the lemure.
Pikel barely misses you.
A kobold comes into view. It is wielding a +0 short sword.
The lemure barely misses you. You furiously retaliate!
You headbutt the lemure!
You kill the lemure!
That felt strangely unrewarding.
You shoot a sling bullet.
The sling bullet closely misses the lemure.
The kobold shouts!
Pikel hits you with a +0 whip of freezing.
Pikel freezes you. The lemure hits you. The lemure closely misses you.
You shoot a sling bullet.
The sling bullet closely misses the lemure.
Pikel closely misses you. The lemure hits you. The lemure closely misses you.
You furiously retaliate!
You headbutt the lemure. You shoot a sling bullet.
The sling bullet hits the lemure.
The lemure is severely wounded.
Pikel hits you with a +0 whip of freezing.
Pikel freezes you.
You die...

#. ##..## #.# #..#
##.# #..# #..# #..#
##..# ##.######...#
#..##.....##
#....[.....#
###.......(...#
#5K@...........#
#...55............#
......###.......####.#
.....# ##....### ##
...K. #..### #... #..#
#... .# #..


You could see Pikel, 3 lemures and a kobold.

Vanquished Creatures
  A lemure (D:4)
  Ijyb (D:3)
  3 adders
  3 dart slugs (D:2)
  An orc (D:3)
  6 endoplasms
  4 giant cockroaches
  6 goblins
  8 hobgoblins
  3 jackals (D:1)
  5 kobolds
  3 quokkas
  5 ball pythons
  4 bats
  4 frilled lizards
  12 rats
69 creatures vanquished.

Notes
Turn   | Place    | Note
-------+----------+-------------------------------------------
     0 | D:1      | qw the Minotaur Hexslinger began the quest for the Orb.
     0 | D:1      | Reached XP level 1. HP: 16/16 MP: 1/1
     0 | D:1      | 0 ||| qw: Version: 0.3-a-40-ge99b1a8
     0 | D:1      | 0 ||| qw: Game counter: 11
     0 | D:1      | 0 ||| qw: Melee chars always use a shield: true
     0 | D:1      | 0 ||| qw: God list: Okawaru
     0 | D:1      | 0 ||| qw: Allow faded altars: false
     0 | D:1      | 0 ||| qw: Do Orc after clearing Dungeon:15 true
     0 | D:1      | 0 ||| qw: Do second Lair branch before Depths: true
     0 | D:1      | 0 ||| qw: Lair rune preference: random
     0 | D:1      | 0 ||| qw: Goals: Normal
     0 | D:1      | 0 ||| PLANNING D:1-11
    81 | D:1      | Reached skill level 3 in Ranged Weapons
    81 | D:1      | Reached XP level 2. HP: 23/23 MP: 2/2
   502 | D:1      | Reached XP level 3. HP: 29/29 MP: 3/3
   558 | D:1      | Found a faded altar of an unknown god.
   765 | D:1      | 765 ||| UPGRADING to +0 leather armour.
   775 | D:1      | 775 ||| DROPPING +0 robe.
   776 | D:1      | 776 ||| UPGRADING to +0 pair of boots.
   781 | D:1      | 781 ||| UPGRADING to +0 ring mail.
   791 | D:1      | 791 ||| DROPPING +0 leather armour.
   792 | D:1      | 792 ||| READING 4 scrolls labelled FAYDGH TAINENEPP.
   793 | D:1      | 793 ||| READING 3 scrolls of identify.
   793 | D:1      | 793 ||| IDENTIFYING glowing emerald potion
   794 | D:1      | 794 ||| READING 2 scrolls of identify.
   794 | D:1      | 794 ||| IDENTIFYING black potion
   795 | D:1      | 795 ||| DROPPING scroll of poison.
   884 | D:2      | Reached skill level 4 in Ranged Weapons
  1069 | D:2      | Reached skill level 1 in Armour
  1150 | D:2      | Reached XP level 4. HP: 27/36 MP: 4/4
  1995 | D:2      | 1995 ||| READING 5 scrolls of identify.
  1995 | D:2      | 1995 ||| IDENTIFYING golden potion
  2025 | D:3      | 2025 ||| STAIRDANCE
  2206 | D:3      | Found a stormy altar of Qazlal.
  2302 | D:3      | Found a runed translucent door.
  2303 | D:3      | Noticed Crazy Yiuf
  2474 | D:3      | Noticed Ijyb
  2493 | D:3      | Killed Ijyb
  2494 | D:3      | Reached skill level 5 in Ranged Weapons
  2880 | D:3      | 2880 ||| READING scroll labelled SILIAFUFORU.
  2881 | D:3      | 2881 ||| READING scroll labelled AJICVE PYUDARA.
  2882 | D:3      | 2882 ||| READING 8 scrolls of identify.
  2882 | D:3      | 2882 ||| IDENTIFYING amethyst potion
  3015 | D:4      | Noticed a lemure
  3017 | D:4      | Noticed Pikel
  3019 | D:4      | Noticed a lemure
  3020 | D:4      | Noticed a lemure
  3023 | D:4      | Noticed a lemure
  3030 | D:4      | HP: 8/36 [Pikel/+0 whip of freezing (2)]
  3031 | D:4      | 3031 ||| DRINKING potion of heal wounds.
  3033 | D:4      | Killed a lemure
  3035 | D:4      | HP: 7/36 [lemure[Pikel] (6)]
  3036 | D:4      | HP: 1/36 [Pikel/+0 whip of freezing (6)]
  3036 | D:4      | Slain by Pikel

Levels and vault maps discovered:
D:1:      nzn_arrival_settlement, layout_loops_ring,
          hellmonk_ecumenical_altar_heavens_door, minmay_misc_feat_rugged,
          minmay_hedge_maze, fountainhead, item_on_display_a
D:2:      layout_basic, minmay_hexomino_p4
D:3:      layout_basic, mainiacjoe_overflow_chevrons, kennysheep_another_room,
          grunt_ministairs_10, uniq_crazy_yiuf_cottage, uniq_ijyb
D:4:      layout_layer_cave, nicolae_tso_swordbearing_angel,
          nemelex_spade_bored_becter, nicolae_ru_sacrificial_ziggurat,
          minmay_temple_entry_hall, serial_shops,
          nicolae_shop_industrial_runoff, gammafunk_ghost_smash,
          minmay_shop_damaged, grunt_decor_arrowhead, st_stairs_3, uniq_pikel,
          uniq_eustachio

Skill      XL: |  1  2  3  4 |
---------------+-------------+-----
Ranged Weapons | 3 4 5 |  5.2
Fighting       | 2 |  2.0
Armour         | 1 |  1.4
Dodging        | |  2.1
Spellcasting   | |  1.0
Hexes          | |  2.0

Action                     |  1- 3 |  4- 6 || total
---------------------------+-------+-------++-------
   Fire: Sling             |   155 |   125 ||   280
    Use: Scroll            |     3 |     4 ||     7
         Potion            |       |     1 ||     1
 Armour: Robe              |    11 |       ||    11
         Ring mail         |    21 |    33 ||    54
  Dodge: Dodged            |    58 |    59 ||   117

Table legend:
 A = Non-vault XP
 B = Vault XP
 C = Vault XP percentage of total XP
 D = Non-vault monster count
 E = Vault monster count
 F = Vault count percentage of total count
                 A         B        C        D         E       F
            +---------+---------+-------+---------+---------+-------
      Total |     142 |      46 |  24.5 |      63 |       5 |   7.4
            +---------+---------+-------+---------+---------+-------
        D:1 |      50 |       0 |   0.0 |      30 |       0 |   0.0
        D:2 |      52 |       8 |  13.3 |      22 |       3 |  12.0
        D:3 |      40 |      38 |  48.7 |      11 |       2 |  15.4
            +---------+---------+-------+---------+---------+-------
